 Dungeon Crawl Stone Soup version 0.18.1-1-g2f07953 (webtiles) character file.

76 buf2 the Bolt Thrower (level 4, -6/43 HPs)
             Began as a High Elf Hunter on May 4, 2016.
             Was an Initiate of Ru.
             Mangled by a gnoll
             ... wielding a +0 halberd
              (8 damage)
             ... on level 3 of the Dungeon on May 6, 2016.
             The game lasted 00:22:20 (2292 turns).

buf2 the Bolt Thrower (High Elf Hunter)             Turns: 2292, Time: 00:22:20

Health: -6/43      AC: 22    Str: 11    XL:     4   Next: 12%
Magic:  5/5        EV:  2    Int: 15    God:    Ru [......]
Gold:   118        SH:  0    Dex: 16    Spells: 0 memorised, 3 levels left

rFire  . . .     SeeInvis .     b - +0 short sword
rCold  . . .     Gourm    .     (armour currently unavailable)
rNeg   + + +     Faith    .     (no shield)
rPois  +         Spirit   .     (helmet currently unavailable)
rElec  .         Dismiss  .     (cloak currently unavailable)
rCorr  .         Reflect  .     (gloves currently unavailable)
SustAt .         Harm     .     (boots currently unavailable)
MR     .....     NoTele   +     (no amulet)
Stlth  ++........               (no ring)
                                (no ring)

@: tree-form, not resistant to hostile enchantments, unstealthy
A: no striking features
a: Sacrifice Stealth, Sacrifice Essence, Sacrifice Love, Reject Sacrifices,
Renounce Religion


You were on level 3 of the Dungeon.
You worshipped Ru.
Ru was noncommittal.
You were not hungry.
You were a tree.
You visited 1 branch of the dungeon, and saw 3 of its levels.

You collected 118 gold pieces.

Inventory:

Hand Weapons
 a - a +2 hand crossbow
 b - a +0 short sword (weapon)
 h - a +0 spear
 m - a +0 broad axe
 o - a +1 dagger of venom
 r - a +0 whip
Missiles
 d - 24 bolts
 j - 58 stones (quivered)
 t - 16 poisoned needles
 w - 5 tomahawks of returning
 x - 16 sling bullets
Armour
 c - a +0 leather armour
 e - a cursed -1 cloak
 p - a +0 pair of gloves (melded)
 q - a +0 robe
 s - a +1 robe of magic resistance
 u - a +0 ring mail (melded)
Scrolls
 g - a scroll of enchant armour {unknown}
 l - 4 scrolls of identify
 v - a scroll of remove curse {unknown}
Potions
 n - a potion of curing
 z - a potion of invisibility
Comestibles
 i - 3 fruits


   Skills:
 + Level 2.2 Fighting
 + Level 5.2 Crossbows
 + Level 0.8 Armour
 + Level 2.5 Dodging
 + Level 1.2 Stealth


You had 3 spell levels left.
You didn't know any spells.

Dungeon Overview and Level Annotations

Branches:
Dungeon (3/15)

Altars:
Ru
Vehumet


Message History

You closely miss the gnoll.
The gnoll is severely wounded.
The gnoll hits you but does no damage. x3
You hit the gnoll but do no damage.
The gnoll is severely wounded.
The gnoll hits you but does no damage. x2; The gnoll barely misses you.
You hit the gnoll.
The gnoll is almost dead.
The gnoll hits you but does no damage. x3; The gnoll hits you.
* * * LOW HITPOINT WARNING * * *
You barely miss the gnoll.
The gnoll is almost dead.
The gnoll barely misses you. The gnoll hits you.
* * * LOW HITPOINT WARNING * * *
Read which item? (? for menu, Esc to quit)
Identify which item? (\ to view known items) (? for menu, Esc to quit)
As you read the scroll of identify, it crumbles to dust.
z - a potion of invisibility The gnoll hits you from afar with a halberd!
You die...

## .. # ###.
#.###..
###....g#########
..."..ggg♣......=
#.....########.##
#...( .... ... ..
#


You could see 3 gnolls and a hobgoblin.

Vanquished Creatures
  2 gnolls
  An adder (D:2)
  A worm (D:2)
  2 dart slugs (D:2)
  An orc (D:3)
  A giant cockroach (D:2)
  6 goblins
  3 hobgoblins (D:1)
  6 kobolds
  A ball python (D:2)
  6 bats
  4 giant newts
  9 rats
43 creatures vanquished.

Notes
Turn   | Place    | Note
--------------------------------------------------------------
     0 | D:1      | buf2 the High Elf Hunter began the quest for the Orb.
     0 | D:1      | Reached XP level 1. HP: 14/14 MP: 2/2
    97 | D:1      | Reached XP level 2. HP: 19/19 MP: 3/3
   829 | D:1      | Reached XP level 3. HP: 22/24 MP: 4/4
   901 | D:1      | Upgraded the game from 0.18-b1-22-ge198996 to 0.18.1-1-g2f07953
  1364 | D:2      | Found a faded altar to an unknown god.
  1387 | D:2      | Became a worshipper of Ru the Awakened
  1536 | D:2      | Found a radiant altar of Vehumet.
  1588 | D:2      | Reached skill level 5 in Crossbows
  2272 | D:3      | HP: 1/24 [gnoll/halberd (8)]
  2277 | D:3      | Reached XP level 4. HP: 12/29 MP: 5/5
  2291 | D:3      | HP: 2/43 [gnoll (2)]
  2292 | D:3      | Mangled by a gnoll

Skill      XL: |  1  2  3 |
---------------+----------+-----
Crossbows      | 5 |  5.2
Fighting       | |  2.2
Armour         | |  0.8
Dodging        | |  2.5
Stealth        | |  1.2

Action                   |  1- 3 |  4- 6 || total
-------------------------+-------+-------++-------
Melee: Short sword       |    51 |    14 ||    65
 Fire: Hand crossbow     |    60 |       ||    60
  Use: Scroll            |     7 |     1 ||     8
       Potion            |     3 |       ||     3
  Eat: Bread ration      |     1 |       ||     1
       Chunk             |     1 |       ||     1
Armor: Leather armour    |     4 |       ||     4
       Ring mail         |    17 |       ||    17
       Skin              |     5 |    31 ||    36
Dodge: Dodged            |    46 |     4 ||    50
